Map: Ulrena

Players

Chris (MCanning) - Winner!

  • Race: Protoss Protoss
  • League: Master

RuFF

  • Race: Terran Terran

VOD

Have the link to the VOD?

Description

Time

  • Played on: Nov. 14, 2015, 12:04 a.m.
  • Length: 29:04
Show
View Real Time Build Order
Export as new Build Order

Chris Protoss - Winner!

Build Orders:  

Get SALT Encoding   

  12  0:01  Probe (Chrono Boost)  
  13  0:11  Probe (Chrono Boost)  
  14  0:21  Pylon  
  14  0:22  Probe (Chrono Boost)  
  15  0:39  Probe (Chrono Boost)  
  15  0:41  Gateway  
  16  0:49  Probe (Chrono Boost)  
  17  0:54  Assimilator  
  17  0:59  Assimilator  
  17  1:00  Probe (Chrono Boost)  
  18  1:08  Pylon  
  18  1:10  Probe (Chrono Boost)  
  19  1:21  Probe (Chrono Boost)  
  20  1:29  Cybernetics Core  
  20  1:31  Probe (Chrono Boost)  
  21  1:42  Probe (Chrono Boost)  
  24  1:48  Pylon  
  24  1:53  Probe (Chrono Boost)  
  23  2:05  Nexus  
  23  2:12  Mothership Core (Chrono Boost)  
  25  2:17  Adept (Chrono Boost)  
  25  2:21  Warp Gate (Chrono Boost)  
  27  2:32  Probe (Chrono Boost)  
  28  2:39  Robotics Facility  
  28  2:43  Probe (Chrono Boost)  
  29  2:53  Probe (Chrono Boost)  
  30  3:04  Probe (Chrono Boost)  
  31  3:14  Probe (Chrono Boost)  
  32  3:20  Gateway x2  
  32  3:21  Gateway  
  32  3:34  Warp Prism (Chrono Boost)  
  34  3:46  Probe x2  
  34  3:51  Pylon  
  34  3:56  Probe  
  34  3:58  Probe  
  36  4:09  Observer (Chrono Boost)  
  37  4:10  Probe x2 (Chrono Boost)  
  39  4:19  Pylon  
  39  4:21  Probe (Chrono Boost)  
  39  4:22  Adept x3  
  46  4:28  Probe  
  47  4:34  Robotics Bay  
  47  4:35  Adept  
  47  4:37  Probe  
  50  4:39  Probe  
  51  4:58  Probe  
  52  5:05  Probe  
  53  5:08  Probe  
  53  5:10  Assimilator  
  53  5:12  Forge  
  50  5:15  Pylon, Assimilator  
  50  5:17  Probe  
  50  5:19  Stalker x2, Probe, Pylon  
  50  5:20  Stalker  
  58  5:26  Disruptor (Chrono Boost)  
  58  5:27  Probe  
  61  5:31  Probe  
  61  5:32  Pylon  
  63  5:37  Stalker  
  63  5:38  Probe  
  66  5:43  Probe  
  60  5:53  Stalker  
  60  5:54  Stalker  
  64  5:58  Disruptor (Chrono Boost)  
  64  6:03  Twilight Council  
  67  6:07  Probe  
  67  6:09  Probe, Zealot  
  69  6:12  Protoss Ground Armor Level 1  
  66  6:19  Probe  
  66  6:20  Probe  
  68  6:30  Probe  
  68  6:32  Probe  
  70  6:36  Nexus  
  70  6:38  Pylon  
  70  6:39  Zealot  
  72  6:42  Probe  
  72  6:44  Probe  
  72  6:46  Blink (Chrono Boost)  
  74  6:53  Adept x2  
  78  6:56  Disruptor  
  78  6:59  Probe  
  82  7:03  Probe  
  83  7:11  Probe  
  83  7:15  Probe  
  85  7:19  Gateway  
  85  7:20  Gateway  
  85  7:24  Pylon  
  85  7:26  Pylon  
  85  7:29  Pylon  
  85  7:38  Adept x4  
  88  7:57  Probe  
  80  7:59  Stalker x2  
  81  8:07  Stalker x2  
  85  8:14  Probe  
  85  8:15  Probe  
  87  8:24  Disruptor (Chrono Boost)  
  87  8:28  Pylon  
  87  8:31  Templar Archives  
  87  8:39  Pylon  
  87  8:43  Pylon  
  87  8:47  Probe  
  88  8:52  Forge  
  88  8:56  Stalker x3  
  88  9:00  Disruptor (Chrono Boost)  
  97  9:05  Probe x2  
  99  9:10  Probe  
  99  9:14  Stalker x2  
  104  9:17  High Templar  
  104  9:19  Probe x2  
  104  9:20  Probe  
  109  9:32  Probe  
  109  9:33  Disruptor (Chrono Boost)  
  113  9:38  Photon Cannon  
  113  9:41  Probe  
  113  9:42  Probe  
  113  9:44  Protoss Ground Weapons Level 1 (Chrono Boost), Photon Cannon  
  114  9:56  Zealot  
  114  9:59  Probe  
  115  10:00  Probe  
  115  10:01  Assimilator  
  115  10:03  Assimilator  
  115  10:06  Stalker x2  
  120  10:09  Probe  
  121  10:19  Probe  
  122  10:26  Disruptor (Chrono Boost)  
  122  10:27  Stalker x3  
  124  10:30  Zealot x2  
  128  10:38  Probe  
  125  10:46  Pylon x2  
  125  10:47  Probe  
  111  10:50  Probe  
  112  10:58  Probe  
  112  11:02  Probe  
  114  11:08  Probe  
  114  11:09  Pylon  
  114  11:10  Disruptor (Chrono Boost), Pylon  
  118  11:11  High Templar  
  118  11:14  Probe  
  121  11:19  Probe  
  118  11:35  Stalker  
  118  11:36  Stalker  
  111  11:47  Probe  
  111  11:50  Protoss Ground Armor Level 2  
  111  11:52  Robotics Facility  
  112  11:54  Probe  
  112  11:55  Nexus  
  113  12:01  Stalker  
  113  12:02  Probe  
  113  12:05  Zealot  
  113  12:08  Probe, Zealot  
  120  12:12  Mothership Core  
  123  12:19  Probe  
  124  12:23  High Templar x2  
  124  12:27  Archon  
  128  12:31  Stalker x2  
  132  12:41  Probe  
  132  12:42  Probe  
  130  12:48  Zealot, Pylon  
  132  12:52  Probe  
  133  13:00  Pylon  
  133  13:02  Disruptor (Chrono Boost)  
  136  13:07  Stargate  
  136  13:08  Probe, Stargate  
  106  13:31  Stalker  
  106  13:32  Adept x5  
  106  13:33  Disruptor (Chrono Boost)  
  121  13:41  Probe  
  121  13:42  Probe  
  123  13:54  High Templar x2  
  123  13:55  Pylon  
  127  13:59  Archon  
  127  14:03  Disruptor (Chrono Boost)  
  130  14:13  Protoss Ground Armor Level 3 (Chrono Boost)  
  130  14:20  Nexus  
  130  14:23  Pylon  
  130  14:25  Pylon  
  130  14:26  High Templar x2  
  130  14:27  Probe, Zealot  
  130  14:30  Archon  
  137  14:38  Disruptor  
  137  14:40  Stalker x3  
  136  14:58  Stargate  
  136  14:59  Stargate  
  136  15:02  Pylon  
  136  15:10  Probe  
  137  15:15  Observer  
  137  15:16  Assimilator  
  137  15:19  Photon Cannon  
  137  15:20  Assimilator  
  136  15:22  Photon Cannon  
  136  15:23  Photon Cannon  
  136  15:25  Photon Cannon  
  136  15:33  Observer  
  133  15:44  Probe  
  117  15:52  Probe  
  117  15:54  Disruptor  
  119  16:05  Fleet Beacon  
  119  16:08  Stalker x4  
  119  16:09  Stalker  
  128  16:14  Phoenix (Chrono Boost)  
  130  16:20  Probe  
  131  16:30  Probe  
  131  16:31  Pylon  
  131  16:32  Mothership Core  
  134  16:35  Probe  
  134  16:36  Probe  
  134  16:54  Tempest (Chrono Boost)  
  134  16:56  Tempest (Chrono Boost)  
  134  16:59  Photon Cannon  
  142  17:05  Probe  
  141  17:11  Photon Cannon  
  141  17:16  Photon Cannon  
  141  17:24  Observer  
  141  17:37  Stalker x2  
  148  17:44  Tempest x2 (Chrono Boost)  
  138  17:51  Probe  
  139  18:00  Nexus, Zealot  
  141  18:14  Observer  
  142  18:22  Tempest (Chrono Boost), Pylon  
  142  18:25  Pylon  
  146  18:32  Disruptor  
  146  18:35  Pylon  
  146  18:38  Pylon  
  149  18:49  High Templar  
  149  18:50  High Templar x3  
  149  18:55  Archon x2  
  157  19:00  Probe, Tempest (Chrono Boost)  
  162  19:08  Observer  
  163  19:10  Probe  
  163  19:12  Probe  
  165  19:38  Nexus, High Templar x2  
  165  19:41  Zealot x2  
  165  19:43  Archon  
  171  19:55  Probe  
  172  20:07  Probe  
  172  20:09  Stalker x4  
  181  20:16  Probe, Observer  
  181  20:21  Probe  
  136  20:40  Tempest x2 (Chrono Boost)  
  129  20:46  Probe  
  122  20:50  Probe  
  123  20:57  Probe  
  123  20:58  Pylon  
  123  21:00  Pylon  
  123  21:02  Probe  
  123  21:03  Probe, Assimilator  
  126  21:05  Probe, Assimilator  
  126  21:07  Disruptor (Chrono Boost)  
  130  21:15  Stalker x5  
  130  21:17  Probe  
  137  21:19  Pylon  
  137  21:28  Probe  
  137  21:29  Tempest  
  138  21:46  Forge  
  136  21:47  Stalker x2  
  136  21:48  Stalker  
  136  21:50  Pylon  
  141  21:55  Stalker  
  141  21:59  Probe  
  141  22:00  Psionic Storm  
  144  22:05  Zealot x2  
  144  22:06  Probe  
  149  22:08  Probe  
  149  22:13  Probe  
  151  22:22  Zealot x2  
  155  22:24  Nexus  
  155  22:25  Photon Cannon  
  155  22:26  Pylon  
  155  22:29  Photon Cannon, Assimilator  
  155  22:30  Assimilator  
  155  22:32  Gravitic Drive (Chrono Boost)  
  155  22:40  High Templar x2  
  155  22:42  Probe  
  158  22:47  Probe, Photon Cannon  
  158  22:50  Zealot x2, Photon Cannon  
  161  22:53  Photon Cannon  
  161  22:54  Zealot  
  161  22:57  Pylon  
  161  23:04  High Templar  
  163  23:06  Probe  
  164  23:15  Observer, Photon Cannon  
  164  23:17  Pylon  
  163  23:25  High Templar x3  
  163  23:26  Zealot  
  163  23:27  Zealot  
  173  23:28  Probe  
  174  23:40  Probe  
  173  23:43  Probe, Photon Cannon  
  173  23:44  Photon Cannon  
  173  23:45  Photon Cannon  
  173  23:48  High Templar  
  176  23:49  Stalker  
  169  24:07  Probe  
  162  24:16  Zealot  
  161  24:20  Probe  
  153  24:24  Probe  
  153  24:27  Pylon  
  153  24:28  Pylon  
  153  24:30  Pylon  
  154  24:31  Photon Cannon  
  154  24:33  Zealot, Photon Cannon  
  154  24:34  Zealot  
  154  24:35  Photon Cannon  
  154  24:37  Photon Cannon  
  154  24:38  Cybernetics Core  
  158  24:39  Gateway, Tempest  
  158  24:43  Pylon  
  158  24:44  Gateway, Tempest  
  157  25:00  High Templar  
  157  25:01  High Templar x3  
  157  25:05  Archon x2  
  165  25:08  Probe  
  165  25:13  Probe  
  167  25:16  Nexus, Pylon  
  167  25:33  Probe  
  167  25:34  Stalker x3  
  170  25:47  Pylon  
  164  25:51  Probe  
  164  25:52  Stalker  
  165  25:58  Probe, Pylon  
  165  25:59  Pylon  
  165  26:01  Stalker x3  
  172  26:11  Probe  
  172  26:15  Probe, Photon Cannon  
  174  26:20  Archon  
  174  26:25  Stalker x5  
  182  26:26  Stalker  
  182  26:28  Tempest (Chrono Boost)  
  190  26:34  Mothership Core (Chrono Boost)  
  190  26:39  Probe (Chrono Boost)  
  193  26:40  Photon Cannon  
  193  26:43  Assimilator  
  190  27:03  Stalker x3  
  190  27:05  Tempest (Chrono Boost)  
  200  27:37  Twilight Council  
  200  27:56  Gateway  
  200  27:57  Gateway  
  198  27:59  Stalker  
  198  28:00  Gateway  
  198  28:03  Tempest (Chrono Boost), Oracle (Chrono Boost)  
  195  28:06  High Templar x2  
  195  28:32  Mothership Core (Chrono Boost)  
  195  28:41  Archon  
Show
View Real Time Build Order
Export as new Build Order

RuFF Terran 

Build Orders: Command Center First (CC), MMM Bio 

Get SALT Encoding   

  12  0:00  SCV  
  13  0:13  SCV  
  14  0:25  SCV, Supply Depot  
  15  0:46  SCV  
  16  0:58  SCV  
  16  1:02  Command Center  
  17  1:11  SCV  
  18  1:18  Barracks  
  18  1:23  SCV  
  19  1:32  Barracks  
  19  1:35  SCV  
  20  1:47  Barracks  
  20  1:49  SCV  
  21  1:58  Refinery  
  21  2:02  SCV  
  21  2:05  Marine  
  23  2:14  Orbital Command  
  23  2:19  Orbital Command  
  23  2:24  Marine  
  23  2:25  Marine  
  25  2:34  Refinery  
  25  2:35  Barracks Tech Lab  
  25  2:40  SCV  
  25  2:42  Marine  
  25  2:43  Marine  
  28  2:46  SCV  
  29  2:52  Engineering Bay  
  29  2:54  Marine  
  29  2:56  SCV  
  31  2:59  SCV  
  31  3:04  Marine x2  
  33  3:12  Marine  
  34  3:16  SCV  
  34  3:17  Terran Infantry Weapons Level 1  
  34  3:19  SCV  
  35  3:21  Marine  
  35  3:22  Missile Turret, Marine  
  35  3:26  Missile Turret  
  37  3:29  SCV  
  38  3:35  Stimpack  
  38  3:49  Supply Depot  
  38  3:58  Supply Depot  
  38  4:02  Barracks Reactor, Barracks Tech Lab  
  38  4:11  SCV, Marine  
  38  4:12  SCV  
  38  4:14  Refinery  
  38  4:15  Refinery  
  41  4:20  Combat Shields  
  41  4:21  Marine  
  41  4:23  SCV  
  43  4:24  SCV  
  43  4:31  Supply Depot  
  44  4:35  SCV, Marine  
  44  4:36  SCV  
  47  4:38  Marine x2  
  47  4:45  Engineering Bay  
  49  4:47  SCV  
  49  4:49  Factory  
  49  4:51  Marine  
  47  4:58  SCV  
  44  5:13  Terran Infantry Armor Level 1  
  41  5:18  Marine  
  41  5:19  Marine x3  
  44  5:26  SCV  
  44  5:27  SCV  
  46  5:36  Marine x2  
  46  5:37  Marine x2  
  49  5:51  SCV  
  49  5:54  Marine x3  
  49  5:55  Starport, Factory Reactor  
  49  5:56  Armory  
  52  5:58  Marine  
  52  6:12  Marine x2  
  42  6:18  Marine x2  
  42  6:20  SCV  
  42  6:23  SCV, Bunker  
  46  6:25  Bunker  
  46  6:30  Marine x2  
  46  6:32  SCV  
  49  6:36  Marine x2  
  49  6:38  Medivac x2  
  55  6:41  SCV  
  55  6:45  Missile Turret  
  56  6:47  SCV  
  56  6:48  Marine x2  
  56  6:53  SCV  
  56  6:54  Missile Turret, Marine x2  
  62  7:04  Terran Infantry Weapons Level 2  
  62  7:10  Supply Depot  
  62  7:12  Supply Depot, Terran Infantry Armor Level 2  
  62  7:31  Marine x4  
  66  7:49  Marine x4  
  67  8:07  Marine x4  
  68  8:14  Medivac  
  68  8:15  Medivac  
  68  8:17  Command Center  
  73  8:20  SCV  
  73  8:25  Marine x4  
  77  8:29  SCV  
  78  8:46  Supply Depot  
  78  8:47  Supply Depot x2  
  78  9:05  SCV  
  78  9:07  Marine x4  
  78  9:08  SCV  
  83  9:25  Marine x4  
  81  9:33  Planetary Fortress  
  81  9:38  SCV x2  
  75  9:39  Starport  
  75  9:40  Starport  
  75  9:41  Starport  
  75  9:43  Marine x4  
  75  9:45  Liberator x2  
  79  9:50  SCV  
  80  10:01  Marine x4  
  90  10:19  Marine x4  
  82  10:36  Marine x3  
  82  10:38  Marine  
  85  10:51  Starport Tech Lab x2  
  85  10:54  Marine x2  
  77  10:58  SCV  
  77  10:59  SCV  
  77  11:01  Fusion Core  
  77  11:03  Medivac  
  81  11:11  SCV  
  82  11:16  Sensor Tower  
  79  11:33  Liberator x2  
  79  11:37  Marine x2  
  74  11:51  Advanced Ballistics  
  72  12:05  Liberator x2  
  72  12:06  Liberator  
  105  12:22  Orbital Command  
  79  12:35  Marine x2  
  79  12:36  Marine x2  
  83  12:37  Medivac  
  85  12:45  Medivac  
  85  12:50  Liberator  
  87  12:53  Marine  
  87  12:57  Marine x3  
  91  13:05  Liberator  
  94  13:22  Marine  
  71  13:27  SCV  
  72  13:37  Marine x3  
  72  13:38  Medivac x2  
  72  13:40  Marine  
  80  13:54  Marine  
  80  13:55  Marine x2  
  83  13:57  Marine  
  83  14:00  Banshee, Cloaking Field  
  83  14:01  Starport Tech Lab  
  87  14:05  Banshee  
  87  14:06  Refinery x2  
  87  14:09  Missile Turret  
  90  14:12  Marine  
  90  14:14  Marine x2  
  90  14:15  Marine  
  94  14:42  Marine  
  94  15:10  Hyperflight Rotors  
  94  15:13  Supply Depot x2  
  94  15:14  Supply Depot  
  94  15:15  Supply Depot  
  94  15:17  Banshee x2, Marine x2  
  102  15:34  Banshee, Marine x4  
  77  15:52  Marine x4  
  73  15:59  Command Center  
  73  16:10  Marine x4  
  77  16:17  Terran Infantry Weapons Level 3, Terran Infantry Armor Level 3, Terran Ship Weapons Level 1  
  77  16:28  Marine x3  
  80  16:37  Banshee x2  
  80  16:39  Banshee  
  83  17:06  SCV  
  84  17:14  SCV  
  85  17:18  SCV  
  86  17:26  SCV  
  87  17:40  Liberator  
  87  17:42  Marine x3  
  87  17:43  Marine  
  91  17:46  Liberator  
  76  17:54  Raven x2  
  76  17:55  Raven  
  81  18:00  Marine x4  
  85  18:06  Orbital Command  
  85  18:09  Refinery  
  85  18:10  Refinery  
  85  18:11  Missile Turret  
  79  18:18  Marine  
  80  18:22  SCV x2  
  82  18:35  Marine x3  
  82  18:36  Marine  
  82  18:39  SCV x2  
  87  18:49  Barracks  
  87  18:52  Barracks, Marine  
  87  18:53  Marine x3  
  87  18:54  Supply Depot  
  91  18:59  Banshee  
  91  19:00  Banshee x2  
  91  19:02  Viking  
  102  19:04  Viking  
  104  19:10  Marine  
  104  19:16  Marine  
  104  19:17  Marine x2  
  106  19:18  Command Center  
  108  19:25  Sensor Tower  
  108  19:28  Marine  
  108  19:34  Marine x2  
  108  19:35  SCV, Marine x2  
  113  19:46  Command Center, Marine  
  113  19:52  Marine x3  
  113  19:53  Marine  
  113  19:56  Marine  
  113  19:57  Banshee x3  
  126  20:04  Marine  
  126  20:10  Marine  
  68  20:54  Marine x5  
  68  20:55  Marine  
  68  20:59  SCV x2  
  70  21:12  Marine x6  
  73  21:26  Banshee x2  
  73  21:27  Banshee  
  73  21:30  Marine x6  
  85  21:47  Marine x2  
  85  21:48  Marine x3  
  85  21:51  Marine  
  85  21:53  Medivac x2  
  92  22:05  Marine x3  
  92  22:06  Marine x2  
  97  22:09  Medivac x3, Marine  
  104  22:32  Command Center  
  104  22:37  Marine x4  
  104  22:38  Marine  
  103  23:09  Marine x6  
  103  23:10  Medivac x2  
  103  23:11  Banshee x2  
  103  23:12  Banshee  
  122  23:26  Marine  
  107  23:57  Marine x2  
  107  24:02  Marine x2  
  95  24:21  Marine x2  
  95  24:22  Marine x2  
  90  24:24  Marine x2  
  90  24:27  Medivac x2  
  96  24:39  Marine x4  
  96  24:42  Marine x2  
  101  24:57  Marine  
  101  24:58  Planetary Fortress, Marine x2  
  103  25:06  Marine x2  
  88  25:08  Marine  
  89  25:15  Marine  
  89  25:16  Marine x2  
  91  25:24  Marine x2  
  79  25:29  Marine  
  79  25:32  Marine  
  79  25:33  Marine  
  79  25:34  Marine  
  81  25:41  Marine x2  
  80  25:52  Liberator x2  
  76  25:58  Marine x3  
  76  25:59  Marine x2  
  71  26:05  Raven x3  
  83  26:13  Refinery x2  
  83  26:23  Marine x3  
  66  26:29  SCV  
  67  26:35  Marine x3  
  70  26:40  Marine  
  70  26:41  Marine  
  70  26:44  Sensor Tower  
  72  26:47  Medivac  
  72  26:48  Medivac  
  72  26:53  Marine x4  
  77  27:06  Marine x2  
  78  27:11  Marine x2  
  80  27:18  Medivac  
  80  27:19  Medivac  
  74  28:02  Marine  
Tags
 
Add a new tag
Caveats
  • Supply blocks, unpowered buildings, or Contaminate may cause inaccurate times.
  • Supply counts are checked every 10 seconds.